Map: Lightshade LE

Players

DnS

  • Race: Protoss Protoss
  • Spawn Location: 11:00

goblin - Winner!

  • Race: Protoss Protoss
  • League: Grandmaster
  • Spawn Location: 5:00

Event: DreamHack SC2 Masters 2020 Winter

VOD

Have the link to the VOD?

Description

Time

  • Played on: Oct. 29, 2020, 2:14 p.m.
  • Length: 10:25

All games in this series

Show
View Real Time Build Order
Export as new Build Order

DnS Protoss 

Build Orders:  

Get SALT Encoding   

  12  0:00  Probe  
  13  0:12  Probe  
  14  0:17  Pylon  
  14  0:24  Probe (Chrono Boost)  
  15  0:36  Gateway, Probe (Chrono Boost)  
  16  0:44  Probe (Chrono Boost)  
  16  0:45  Assimilator  
  17  0:51  Probe  
  17  0:54  Assimilator  
  18  1:03  Probe (Chrono Boost)  
  19  1:06  Gateway  
  19  1:12  Probe (Chrono Boost)  
  19  1:17  Probe (Chrono Boost)  
  20  1:23  Cybernetics Core  
  21  1:29  Probe  
  22  1:35  Pylon  
  22  1:41  Probe  
  23  1:56  Probe  
  23  1:59  Stalker x2  
  23  2:00  Warp Gate  
  28  2:08  Pylon  
  28  2:12  Probe  
  29  2:25  Shield Battery  
  29  2:29  Sentry x2  
  33  2:48  Probe (Chrono Boost)  
  33  2:49  Nexus  
  33  2:55  Sentry  
  35  3:00  Probe (Chrono Boost)  
  35  3:05  Probe (Chrono Boost)  
  36  3:10  Pylon  
  37  3:15  Probe (Chrono Boost)  
  37  3:19  Twilight Council  
  38  3:24  Probe (Chrono Boost)  
  39  3:29  Probe  
  39  3:30  Shield Battery  
  40  3:40  Forge  
  40  3:41  Probe  
  41  3:53  Probe  
  42  3:56  Stalker  
  44  4:05  Probe (Chrono Boost)  
  44  4:06  Stalker  
  48  4:10  Probe (Chrono Boost)  
  48  4:14  Blink (Chrono Boost)  
  48  4:16  Probe (Chrono Boost)  
  50  4:19  Probe (Chrono Boost)  
  50  4:23  Protoss Ground Weapons Level 1  
  51  4:25  Probe x2 (Chrono Boost)  
  52  4:31  Stalker  
  52  4:32  Probe x2  
  54  4:40  Stalker  
  54  4:44  Probe x2  
  58  4:45  Pylon  
  58  4:49  Assimilator  
  58  4:58  Dark Shrine  
  58  5:01  Pylon  
  58  5:03  Probe (Chrono Boost)  
  58  5:06  Probe (Chrono Boost)  
  58  5:10  Assimilator  
  58  5:13  Stalker  
  61  5:15  Probe (Chrono Boost)  
  61  5:20  Probe (Chrono Boost)  
  62  5:21  Probe (Chrono Boost)  
  62  5:27  Probe  
  64  5:29  Nexus  
  64  5:30  Probe  
  62  5:40  Probe  
  62  5:43  Probe  
  62  5:46  Stalker  
  65  5:50  Pylon  
  65  5:52  Probe  
  65  5:55  Probe  
  67  6:04  Probe  
  68  6:06  Gateway  
  68  6:08  Gateway  
  64  6:12  Stalker x2  
  64  6:18  Probe (Chrono Boost)  
  66  6:19  Probe (Chrono Boost)  
  66  6:28  Probe (Chrono Boost)  
  66  6:30  Probe (Chrono Boost)  
  68  6:35  Pylon, Probe x2 (Chrono Boost)  
  68  6:38  Gateway  
  68  6:39  Gateway  
  70  6:43  Probe  
  70  6:44  Probe x2  
  73  6:47  Stalker  
  73  6:51  Stalker  
  77  7:00  Gateway  
  77  7:01  Probe  
  77  7:02  Stalker, Probe  
  77  7:05  Probe  
  77  7:07  Stalker  
  81  7:13  Probe  
  81  7:14  Probe  
  83  7:17  Probe  
  83  7:19  Stalker x2  
  83  7:21  Pylon  
  88  7:35  Stalker x3  
  88  7:36  Stalker  
  96  7:41  Pylon  
  96  7:43  Gateway  
  96  7:48  Stalker x2  
  91  8:02  Stalker x4  
  99  8:14  Sentry  
  99  8:15  Sentry x2  
  95  8:33  Stalker x4  
  87  8:37  Stalker x3  
  87  8:38  Stalker  
  87  8:59  Stalker x4  
  87  9:00  Stalker  
  97  9:04  Pylon, Zealot  
  99  9:21  Zealot x2  
  99  9:23  Stalker x3  
  109  9:27  Zealot  
  79  9:48  Stalker x5  
  73  10:12  Stalker  
  73  10:13  Stalker x3  
  77  10:18  Dark Templar  
Show
View Real Time Build Order
Export as new Build Order

goblin Protoss - Winner!

Build Orders: Phoenix Opening 

Get SALT Encoding   

  12  0:00  Probe  
  13  0:12  Probe  
  14  0:17  Pylon  
  14  0:24  Probe (Chrono Boost)  
  15  0:36  Gateway, Probe (Chrono Boost)  
  16  0:44  Probe (Chrono Boost)  
  16  0:46  Assimilator  
  17  0:51  Probe  
  17  0:54  Assimilator  
  18  1:03  Probe (Chrono Boost)  
  19  1:08  Gateway  
  19  1:13  Probe (Chrono Boost)  
  19  1:18  Probe (Chrono Boost)  
  20  1:25  Cybernetics Core  
  21  1:29  Probe  
  22  1:36  Pylon  
  22  1:41  Probe  
  23  2:00  Probe  
  23  2:01  Stalker x2  
  26  2:08  Stargate  
  28  2:18  Warp Gate  
  28  2:38  Nexus  
  28  2:49  Pylon  
  28  2:51  Phoenix (Chrono Boost)  
  30  3:00  Probe  
  31  3:07  Phoenix (Chrono Boost)  
  33  3:13  Shield Battery  
  33  3:18  Probe  
  34  3:29  Phoenix (Chrono Boost)  
  34  3:30  Probe  
  37  3:36  Pylon  
  37  3:42  Probe  
  38  3:50  Phoenix  
  38  3:51  Probe  
  42  3:55  Probe (Chrono Boost)  
  43  4:11  Probe x2 (Chrono Boost)  
  43  4:15  Phoenix  
  45  4:21  Probe x2 (Chrono Boost)  
  47  4:29  Probe (Chrono Boost)  
  47  4:30  Probe (Chrono Boost)  
  49  4:36  Probe  
  50  4:39  Probe  
  50  4:40  Phoenix  
  50  4:41  Twilight Council  
  53  4:48  Probe  
  53  4:50  Pylon  
  53  4:51  Probe  
  55  5:00  Probe  
  55  5:03  Probe  
  55  5:05  Phoenix  
  59  5:12  Gateway  
  59  5:13  Gateway  
  59  5:22  Charge  
  59  5:26  Nexus  
  59  5:33  Oracle (Chrono Boost)  
  59  5:38  Probe x2  
  59  5:40  Assimilator  
  59  5:41  Forge  
  64  5:48  Pylon  
  64  5:49  Pylon  
  64  5:50  Probe x2  
  64  5:56  Zealot x2  
  70  6:07  Oracle (Chrono Boost)  
  73  6:20  Photon Cannon  
  73  6:22  Photon Cannon  
  73  6:28  Probe x2  
  75  6:33  Photon Cannon, Gateway x2  
  75  6:34  Phoenix (Chrono Boost)  
  77  6:41  Probe (Chrono Boost), Protoss Air Weapons Level 1  
  77  6:42  Shield Battery  
  77  6:44  Probe (Chrono Boost)  
  77  6:45  Probe (Chrono Boost)  
  80  6:47  Shield Battery  
  80  6:53  Probe (Chrono Boost)  
  82  6:55  Phoenix  
  82  6:56  Probe (Chrono Boost)  
  82  6:57  Probe (Chrono Boost)  
  82  6:58  Probe (Chrono Boost)  
  86  7:05  Probe  
  86  7:08  Zealot x2  
  91  7:09  Protoss Ground Weapons Level 1 (Chrono Boost)  
  91  7:12  Gateway x2  
  91  7:18  Zealot  
  93  7:22  Pylon  
  93  7:26  Pylon  
  93  7:31  Pylon  
  93  7:39  Phoenix (Chrono Boost)  
  93  7:42  Zealot  
  93  7:43  Zealot x2  
  101  7:45  Zealot x3  
  107  7:55  Phoenix (Chrono Boost)  
  109  8:05  Shield Battery  
  109  8:06  Pylon  
  109  8:07  Pylon, Stargate  
  109  8:11  Zealot x3  
  109  8:12  Zealot  
  117  8:22  Zealot x2  
  117  8:23  Zealot  
  115  8:28  Phoenix (Chrono Boost)  
  109  8:35  Zealot x5  
  103  8:50  Zealot x2  
  103  8:51  Phoenix x2 (Chrono Boost), Zealot  
  105  8:58  Zealot x2  
  105  8:59  Zealot  
  105  9:01  Sentry  
  113  9:03  Zealot  
  113  9:09  Phoenix (Chrono Boost)  
  117  9:16  Phoenix (Chrono Boost)  
  119  9:19  Zealot x2  
  119  9:23  Stalker  
  125  9:24  Stalker  
  125  9:25  Stalker  
  125  9:27  Phoenix (Chrono Boost)  
  131  9:36  Zealot  
  131  9:37  Zealot x2  
  129  9:41  Phoenix  
  121  9:50  Zealot x5  
  121  9:52  Phoenix  
  127  10:07  Stalker, Zealot x2  
Tags
 
Add a new tag
Caveats
  • Supply blocks, unpowered buildings, or Contaminate may cause inaccurate times.
  • Supply counts are checked every 10 seconds.